AoeStats
← OGSassy

Arena

508584498Analyzed
2v2 RM · 11d ago on Sep 23, 2026· 41m 7s· 4 players
Game mode
Random Map
Map size
Medium (4 player)
Population
200
Speed
Normal
Resources
Standard
Victory
Conquest
Starting age
Dark Age
Ending age
Imperial Age
RankedLock teamsTeams togetherTeam positionsShared explorationLock speedFull tech treeHidden civsTurbo modeCheats
Victory
Defeat
🇨🇦 Vietnamese · Canada
795
+16
🇨🇳 Franks · China
768
+17
🇺🇸 Danes · United States
807
-18
🇵🇪 Britons · Peru
759
-15
OGSassy
5:32 Loom
11:03 Feudal Age
16:57 Castle Age
15:49 Double-Bit Axe
17:46 Stone Mining
25:20 Wheelbarrow
31:44 Imperial Age
28:59 Horse Collar
29:48 Fletching
31:03 Bodkin Arrow
31:09 Padded Archer Armor
31:29 Gold Mining
32:21 Bow Saw
32:52 Caravan
32:46 Capped Ram
33:26 Crossbowman
33:28 Elite Skirmisher
34:12 Town Watch
37:25 Imperial Skirmisher
38:45 Hand Cart
38:33 Bracer
38:49 Leather Archer Armor
38:46 Forging
39:38 Cavalier
40:55 Husbandry
帝国的铁手
11:57 Feudal Age
16:23 Castle Age
14:46 Double-Bit Axe
21:48 Bow Saw
23:13 Loom
32:22 Wheelbarrow
32:14 Gold Mining
32:14 Stone Mining
37:24 Imperial Age
35:19 Ordonnance Companies
36:03 Padded Archer Armor
35:54 Fletching
36:10 Scale Barding Armor
36:05 Scale Mail Armor
36:19 Forging
37:01 Husbandry
36:22 Light Cavalry
37:12 Pikeman
37:53 Squires
37:39 Arson
38:25 Ballistics
38:16 Fortified Wall
38:46 Chain Barding Armor
38:42 Leather Archer Armor
38:22 Bodkin Arrow
38:35 Halberdier
39:26 Capped Ram
39:43 Cavalier
DisgruntledShark
10:57 Feudal Age
12:09 Double-Bit Axe
13:17 Horse Collar
16:28 Castle Age
15:21 Gold Mining
18:40 Fervor
18:50 Sanctity
18:50 Bow Saw
21:04 Heavy Plow
23:17 Gold Shaft Mining
22:32 Stone Mining
29:08 Imperial Age
27:14 Wheelbarrow
26:24 Town Watch
26:25 Loom
27:10 Padded Archer Armor
28:18 Thumb Ring
28:39 Ballistics
28:31 Masonry
29:06 Fletching
29:31 Leather Archer Armor
29:51 Bodkin Arrow
31:10 Chemistry
31:17 Ring Archer Armor
30:58 Forging
30:49 Scale Mail Armor
31:25 Husbandry
32:13 Conscription
31:55 Arson
32:10 Squires
31:56 Gambesons
32:25 Pikeman
33:43 Hoardings
32:30 Northmen's Fury
33:59 Bracer
34:34 Iron Casting
34:15 Chain Mail Armor
34:15 Bloodlines
33:54 Hamask
34:07 Elite Varangian Guard
35:20 Town Patrol
34:49 Halberdier
35:52 Devotion
36:33 Murder Holes
36:58 Cranequins
37:41 Heavy Mounted Crossbowman
39:31 Blast Furnace
39:17 Stone Shaft Mining
41:20 Plate Mail Armor
41:01 Siege Engineers
DJANGO
0:40 Loom
10:11 Feudal Age
10:47 Double-Bit Axe
10:46 Horse Collar
13:24 Wheelbarrow
12:58 Gold Mining
15:37 Town Watch
18:18 Castle Age
18:07 Stone Mining
19:16 Heavy Plow
19:30 Pikeman
26:00 Squires
Connection lost

Rejoining the realm…

Still unreachable

The connection could not be restored.

Session expired

The server has moved on; the page needs a fresh start.